 Dungeon Crawl Stone Soup version 0.29.1-13-g9f3cf754e1 (webtiles) character file.

Game seed: 7247102907881499433

3812 H0rd4k the Insei (level 10, -2/69 HPs)
             Began as an Octopode Artificer on Feb 7, 2023.
             Was an Initiate of Gozag.
             Slain by an orc wizard
             ... wielding a staff of cold
              (4 damage)
             ... on level 7 of the Dungeon.
             The game lasted 00:09:27 (10302 turns).

H0rd4k the Insei (Octopode Artificer)              Turns: 10302, Time: 00:09:28

Health: -2/69      AC:  1    Str: 12    XL:     10   Next: 17%
Magic:  27/27      EV: 17    Int: 18    God:    Gozag
Gold:   1076       SH:  5    Dex: 12    Spells: 18/20 levels left

rFire   . . .      SeeInvis .   c - +7 dagger of Slime {vorpal, MP+9}
rCold   . . .      Faith    .   (no shield)
rNeg    . . .      Spirit   .   (helmet restricted)
rPois   .          Reflect  +   n - amulet of reflection
rElec   .          Harm     .   d - +4 ring of evasion
rCorr   .          Rampage  .   (no ring)
Will    .....                   (no ring)
Stlth   +++.......              (no ring)
HPRegen 0.21/turn               (no ring)
MPRegen 0.20/turn               (no ring)
                                (no ring)
                                (no ring)

@: gold aura
A: almost no armour, amphibious, 8 rings, camouflage 1, gelatinous body 1,
(nimble swimmer 1), tentacles
a: Renounce Religion, Potion Petition, Call Merchant, Bribe Branch


You were on level 7 of the Dungeon.
You worshipped Gozag.
Gozag was most pleased with you.
You visited 2 branches of the dungeon, and saw 8 of its levels.
You also visited: Ossuary.

You collected 1218 gold pieces.
You paid 142 gold pieces to Gozag.

Inventory:

Hand Weapons
 c - the +7 dagger of Slime (weapon) {vorpal, MP+9}
   (You took it off a gnoll on level 4 of the Dungeon)

   It inflicts extra damage upon your enemies.
   MP:        It affects your magic capacity (+9).
Jewellery
 d - a +4 ring of evasion (left tentacle)
 n - an amulet of reflection (around mantle)
Wands
 b - a wand of flame (16) (quivered)
 y - a wand of digging (5)
Scrolls
 e - 2 scrolls of poison {unknown}
 g - 3 scrolls of fear
 h - 2 scrolls of butterflies {unknown}
 i - 5 scrolls of teleportation {unknown}
 j - 2 scrolls of magic mapping {unknown}
 k - 6 scrolls of identify {unknown}
 m - a scroll of enchant weapon {unknown}
 r - 2 scrolls of blinking {unknown}
 s - a scroll of vulnerability {unknown}
 x - a scroll of amnesia {unknown}
 z - 2 scrolls of noise {unknown}
Potions
 a - 4 potions of haste
 f - 2 potions of lignification {unknown}
 l - 2 potions of magic {unknown}
 o - 2 potions of invisibility {unknown}
 p - 2 potions of heal wounds {unknown}
 q - 2 potions of flight {unknown}
 t - a potion of cancellation {unknown}
 u - 2 potions of brilliance {unknown}
 v - 2 potions of might {unknown}
 w - 3 potions of curing
 A - a potion of degeneration {unknown}


   Skills:
 + Level 6.5 Fighting
 + Level 5.5 Short Blades
 - Level 2.3 Dodging
 - Level 1.3 Stealth
 + Level 3.2 Shields
 - Level 7.9 Unarmed Combat
 * Level 5.9 Spellcasting
 + Level 0.2 Air Magic
 * Level 3.3 Poison Magic
 - Level 3.2 Evocations


You had 18 spell levels left.
You knew the following spells:

 Your Spells              Type           Power      Damage    Failure   Level
a - Poisonous Vapours     Pois/Air       22%        N/A       9%          2

Your spell library contained the following spells:

 Spells                   Type           Power      Damage    Failure   Level
 Apportation              Tloc           10%        N/A       12%         1
 Beastly Appendage        Tmut           10%        N/A       12%         1
 Wereblood                Tmut           5%         N/A       19%         2
 Spider Form              Tmut/Pois      11%        N/A       19%         3
 Ozocubu's Armour         Ice            5%         N/A       36%         3
 Alistair's Intoxication  Tmut/Pois      7%         N/A       86%         5
 Metabolic Englaciation   Hex/Ice        2%         N/A       98%         5
 Corpse Rot               Necr/Pois/Air  Unusable   N/A       N/A         4
 Simulacrum               Ice/Necr       Unusable   N/A       N/A         6

Dungeon Overview and Level Annotations

Branches:
Dungeon (7/15)             Temple (1/1) D:5         Ossuary (visited)

Altars:
Cheibriados
Dithmenos
Elyvilon
Gozag
Qazlal
Ru
Wu Jian
Xom
Yredelemnul
The Shining One

Shops:
D:1 *

Annotations:
D:3 exclusion: 2 downstairs
D:4 exclusion: 2 downstairs


Innate Abilities, Weirdness & Mutations

You cannot wear most types of armour.
You are amphibious.
You can wear up to eight rings at the same time.
Your skin changes colour to match your surroundings (Stealth+).
Your rubbery body absorbs attacks. (AC +1, EV +1)
((You are camouflaged when in or above water. (Stealth+)))
You have tentacles for arms and can constrict up to eight enemies at once.


Message History

The shadow is almost destroyed.
The shadow closely misses you.
You barely miss the shadow. You squeeze the shadow.
You destroy the shadow!
The orc wizard points at you and mumbles some strange words.
You are confused.
You bump into the stone wall.
You bump into the metal wall.
The orc wizard hits you with a staff of cold.
You bump into the stone wall.
The orc wizard is distracted by your dazzling golden aura.
You bump into the stone wall.
Things that are here:
25 gold pieces; a +0 hand axe; a +0 club You bump into the stone wall.
You bump into the metal wall.
You feel less confused.
The orc wizard is no longer distracted by gold.
The orc wizard gestures at you while chanting.
The puff of flame hits you!
* * * LOW HITPOINT WARNING * * *
You block the orc wizard's attack.
You hit the orc wizard. You grab the orc wizard.
The orc wizard is lightly wounded.
You constrict the orc wizard, but do no damage.
You completely miss the orc wizard.
The orc wizard is lightly wounded.
You constrict the orc wizard.
The orc wizard gestures at you while chanting.
The magic dart hits you.
* * * LOW HITPOINT WARNING * * *
You hit the orc wizard.
You squeeze the orc wizard, but do no damage.
The orc wizard is heavily wounded.
You constrict the orc wizard, but do no damage.
The orc wizard hits you with a staff of cold.
* * * LOW HITPOINT WARNING * * *
The orc wizard freezes you.
You die...
Your body crumbles into a pile of gold.

#.# #.......#.#
#.# #####.###.#
#.##..#
########)...#
...........## #
# ########..##
.# ⌠.# #..#
#.#....
#..#####.⌠.####
#....$@o⌠⌠⌠....
#..#####.⌠.####
#..# #.#...(
#..## .# ⌠.#
#####...## # #
$ #.....#..##$
#.....##..#
#.........#
#......##.#


You could see an orc wizard.

Vanquished Creatures
  Sigmund (D:2)
  A shadow (D:7)
  A wyvern (D:7)
  5 water moccasins
  Duvessa (D:4)
  An orc warrior (D:7)
  An ice beast (D:5)
  A black bear (D:6)
  3 centaurs
  2 ogres (D:5)
  A phantom (D:4)
  An elf zombie (Ossuary)
  2 kobold brigands (D:4)
  A gnoll sergeant (D:5)
  2 bullfrogs
  3 scorpions
  Dowan (D:4)
  A howler monkey (D:5)
  A centaur zombie (Ossuary)
  An orc priest (D:5)
  5 hounds
  5 iguanas
  Natasha (thrice) (D:3)
  An orc wizard (D:5)
  A scorpion zombie (D:3)
  A hound zombie (D:3)
  A hound skeleton (D:3)
  3 mummies
  30 gnolls
  10 adders
  A shadow imp (D:5)
  A white imp (D:7)
  An adder skeleton (D:3)
  An adder zombie (Ossuary)
  A worm (D:3)
  3 dart slugs
  41 orcs
  5 ball pythons
  3 endoplasms
  2 giant cockroaches
  5 goblins
  10 hobgoblins
  11 jackals (D:5)
  12 kobolds
  4 quokkas
  3 bats
  2 frilled lizards (D:1)
  2 goblin zombies (Ossuary)
  10 hobgoblin zombies (Ossuary)
  2 jackal zombies (Ossuary)
  14 kobold zombies (Ossuary)
  4 orc zombies (Ossuary)
  A quokka zombie (D:3)
  5 rats
  2 rat zombies (Ossuary)
237 creatures vanquished.

Vanquished Creatures (collateral kills)
  Grinder (D:4)
  An orc wizard (D:5)
2 creatures vanquished.

Vanquished Creatures (others)
  An orc priest (D:4)
  An orc wizard (D:5)
  An orc (D:5)
  A fungus (D:5)
  A withered plant (D:3)
5 creatures vanquished.

Grand Total: 244 creatures vanquished

Notes
Turn   | Place    | Note
-------+----------+-------------------------------------------
     0 | D:1      | H0rd4k the Octopode Artificer began the quest for the Orb.
     0 | D:1      | Reached XP level 1. HP: 13/13 MP: 1/1
   344 | D:1      | Reached skill level 1 in Spellcasting
   344 | D:1      | Reached XP level 2. HP: 10/18 MP: 3/3
   655 | D:1      | Found a faded altar of an unknown god.
  1212 | D:1      | Found Loilos's Assorted Antiques.
  1407 | D:2      | Reached XP level 3. HP: 16/24 MP: 5/5
  1799 | D:2      | Noticed Sigmund
  1805 | D:2      | Killed Sigmund
  1806 | D:2      | Reached skill level 2 in Unarmed Combat
  1806 | D:2      | Reached XP level 4. HP: 10/31 MP: 5/8
  1806 | D:2      | Reached XP level 5. HP: 11/36 MP: 5/9
  2506 | D:3      | Reached XP level 6. HP: 6/42 MP: 10/10
  2783 | D:3      | Reached skill level 3 in Unarmed Combat
  3053 | D:3      | Noticed Natasha
  3066 | D:3      | Killed Natasha
  3262 | D:3      | Noticed Natasha
  3272 | D:3      | Killed Natasha
  3365 | D:3      | Noticed Natasha
  3370 | D:3      | Killed Natasha
  3420 | D:3      | Found a snail-covered altar of Cheibriados.
  3785 | D:4      | Reached skill level 4 in Unarmed Combat
  3798 | D:4      | Reached XP level 7. HP: 34/46 MP: 12/12
  4226 | D:4      | Noticed Grinder
  4286 | D:4      | Noticed Dowan
  4296 | D:4      | Killed Dowan
  4296 | D:4      | Noticed Duvessa
  4316 | D:4      | Paralysed by Grinder for 3 turns
  4319 | D:4      | Killed Grinder
  4320 | D:4      | Reached skill level 1 in Shields
  4320 | D:4      | Reached skill level 5 in Unarmed Combat
  4327 | D:4      | Killed Duvessa
  4328 | D:4      | Reached XP level 8. HP: 34/54 MP: 12/14
  4426 | D:4      | Reached skill level 6 in Unarmed Combat
  4968 | D:5      | Entered Level 5 of the Dungeon
  5373 | D:5      | Found a staircase to the Ecumenical Temple.
  5629 | D:4      | Identified the +7 dagger of Slime {vorpal, MP+9}
  5635 | D:4      | Reached skill level 7 in Unarmed Combat
  6352 | D:5      | Reached skill level 5 in Fighting
  6352 | D:5      | Reached XP level 9. HP: 43/61 MP: 16/16
  6372 | Temple   | Entered the Ecumenical Temple
  6485 | Temple   | Became a worshipper of Gozag Ym Sagoz the Greedy
  6653 | D:5      | Found a sacrificial altar of Ru.
  6673 | D:5      | Reached skill level 1 in Short Blades
  7131 | D:5      | Reached skill level 5 in Spellcasting
  8078 | D:5      | Learned a level 2 spell: Poisonous Vapours
  8265 | D:6      | Reached skill level 1 in Poison Magic
  8358 | D:6      | Found a sand-covered staircase.
  8795 | Ossuary  | Entered an ossuary
  9684 | D:7      | Reached XP level 10. HP: 57/69 MP: 18/18
  9804 | D:7      | Reached skill level 5 in Short Blades
 10302 | D:7      | HP: 2/69 [orc wizard/staff of cold (5)]
 10302 | D:7      | Slain by an orc wizard

Illustrated notes

Levels and vault maps discovered:
D:1:      onia_arrival_mini_maze, layout_loops_ring, serial_shops, shop,
          chequers_ecumenical_altar_island
D:2:      layout_basic, uniq_sigmund
D:3:      layout_loops_ring, cheibriados_altar_1, serial_undead,
          serial_undead_d, serial_undead_e, serial_undead_c, serial_undead_f,
          uniq_natasha
D:4:      cheibrodos_thug_alley, layout_loops_cross, uniq_grinder, uniq_duvessa
D:5:      lemuel_castle_with_subvaults [lemuel_castle_interior_original],
          layout_loops_ring, nicolae_ru_awakened_eye,
          minmay_temple_entry_slanted
D:6:      layout_cave_pods, gup_ossuary_entry_pyramid
D:7:      minmay_the_grid_octo_tiled_squarecenter [minmay_the_grid_octo_chip,
          minmay_the_grid_octo_checkered, minmay_the_grid_octo_concentric,
          minmay_the_grid_octo_clover,
          minmay_the_grid_square_5x5_megaprize_checkered,
          minmay_the_grid_square_5x5_broken_cross,
          minmay_the_grid_square_5x5_intrusive_squares,
          minmay_the_grid_square_5x5_c, minmay_the_grid_square_5x5_n],
          layout_basic, nicolae_figureground_pulse
Temple:   bh_familiar_temple

Skill      XL: |  1  2  3  4  5  6  7  8  9 10 |
---------------+-------------------------------+-----
Spellcasting   | 1 2 3 4 5 |  5.9
Fighting       | 3 4 5 6 |  6.5
Unarmed Combat | 2 4 5 7 |  7.9
Shields        | 1 2 3 |  3.2
Short Blades   | 4 5 |  5.5
Poison Magic   | 2 3 |  3.3
Dodging        | |  2.3
Stealth        | |  1.3
Air Magic      | |  0.2
Evocations     | |  3.2

Action                   |  1- 3 |  4- 6 |  7- 9 | 10-12 || total
-------------------------+-------+-------+-------+-------++-------
Melee: Unarmed           |    64 |   112 |   101 |       ||   277
       Constrict         |    17 |    28 |    98 |     6 ||   149
       Tentacles         |    14 |    24 |    98 |     8 ||   144
       Punch             |     2 |     4 |    15 |     2 ||    23
       Dagger            |       |       |   257 |    38 ||   295
 Cast: Poisonous Vapours |       |       |       |     6 ||     6
Evoke: Wand              |     1 |       |    28 |       ||    29
  Use: Scroll            |       |       |       |     1 ||     1
 Stab: Sleeping          |     9 |     2 |    19 |       ||    30
Armor: Skin              |     7 |     1 |    12 |     2 ||    22
Dodge: Dodged            |    47 |    45 |   173 |    17 ||   282
Block: Other             |     1 |    17 |    67 |     5 ||    90
       Reflection        |       |     1 |     3 |       ||     4
